Map: Frost LE

Players

Elazer

  • Race: Zerg Zerg
  • League: Grandmaster

PtitDrogo - Winner!

  • Race: Protoss Protoss
  • League: Grandmaster

Event: The PiG Daily 35

VOD

https://www.youtube.com/watch?v=FsC43sBAof0

Description

Time

  • Played on: July 6, 2016, 3:52 p.m.
  • Length: 7:02

All games in this series

Show
View Real Time Build Order
Export as new Build Order

Elazer Zerg 

Build Orders: Hatch First 

Get SALT Encoding   

  12  0:00  Drone  
  13  0:12  Overlord  
  13  0:17  Drone  
  14  0:31  Drone x2  
  14  0:35  Drone  
  17  0:51  Hatchery  
  17  0:55  Drone  
  17  0:58  Drone  
  18  1:08  Extractor  
  17  1:12  Spawning Pool  
  17  1:16  Drone  
  17  1:19  Drone  
  18  1:27  Drone  
  19  1:38  Overlord  
  19  1:50  Drone  
  20  1:59  Queen  
  20  2:00  Drone  
  23  2:06  Queen  
  23  2:07  Drone, Metabolic Boost  
  26  2:10  Drone  
  26  2:15  Drone  
  28  2:33  Hatchery  
  27  2:40  Drone x2  
  27  2:41  Zergling x4  
  31  2:48  Queen  
  33  2:57  Drone  
  33  2:58  Drone  
  35  3:00  Overlord  
  35  3:02  Zergling x2  
  36  3:21  Drone x2, Roach Warren  
  36  3:22  Extractor, Drone x2  
  36  3:23  Drone x2  
  40  3:29  Spore Crawler  
  40  3:32  Spore Crawler  
  40  3:33  Queen  
  40  3:39  Zergling x4  
  42  3:43  Overlord  
  42  4:01  Roach x5  
  52  4:05  Roach  
  53  4:15  Roach  
  53  4:16  Roach  
  57  4:21  Overlord  
  57  4:23  Overlord, Zergling x2  
  58  4:41  Roach  
  58  4:42  Roach x4  
  68  4:51  Zergling x8  
  72  4:56  Ravager  
  72  4:57  Ravager  
  72  4:58  Overlord  
  70  5:11  Zergling x2  
  70  5:12  Ravager, Zergling x10  
  64  5:26  Zergling x12  
  56  5:33  Ravager  
  56  5:34  Zergling x2  
  56  5:35  Zergling x4  
  55  5:42  Ravager x2  
  57  5:44  Roach  
  57  5:49  Ravager  
  56  5:51  Roach x3  
  56  5:56  Roach  
  60  6:06  Roach x3  
  60  6:10  Zergling x4  
  55  6:22  Drone x5  
  55  6:24  Drone  
  56  6:26  Drone  
  56  6:29  Drone  
  56  6:31  Drone  
  59  6:34  Drone  
  59  6:36  Drone  
  59  6:38  Drone  
  62  6:41  Drone  
  62  6:43  Drone  
  62  6:44  Drone  
  62  6:46  Drone  
Show
View Real Time Build Order
Export as new Build Order

PtitDrogo Protoss - Winner!

Build Orders: 1 Gate Expand, Oracle Opening 

Get SALT Encoding   

  12  0:01  Probe (Chrono Boost)  
  13  0:12  Probe (Chrono Boost)  
  14  0:18  Pylon  
  14  0:22  Probe (Chrono Boost)  
  15  0:36  Probe (Chrono Boost)  
  15  0:38  Gateway  
  16  0:46  Probe (Chrono Boost)  
  16  0:48  Assimilator  
  18  0:57  Probe (Chrono Boost)  
  18  1:07  Probe (Chrono Boost)  
  19  1:20  Nexus  
  19  1:24  Probe (Chrono Boost)  
  20  1:33  Cybernetics Core  
  20  1:36  Probe (Chrono Boost)  
  21  1:41  Assimilator  
  21  1:47  Probe (Chrono Boost)  
  22  1:54  Pylon  
  22  1:58  Probe (Chrono Boost)  
  23  2:10  Warp Gate (Chrono Boost)  
  23  2:12  Probe, Adept (Chrono Boost)  
  26  2:24  Probe  
  27  2:32  Probe (Chrono Boost), Stargate  
  27  2:36  Probe (Chrono Boost)  
  29  2:37  Zealot (Chrono Boost)  
  31  2:44  Probe (Chrono Boost)  
  31  2:48  Probe (Chrono Boost)  
  33  2:56  Probe (Chrono Boost)  
  34  2:59  Mothership Core (Chrono Boost)  
  36  3:06  Probe (Chrono Boost)  
  37  3:14  Gateway  
  37  3:15  Probe (Chrono Boost), Oracle (Chrono Boost), Gateway  
  37  3:18  Probe  
  42  3:24  Pylon  
  42  3:25  Probe  
  42  3:30  Probe  
  44  3:38  Probe  
  45  3:42  Probe  
  45  3:43  Oracle  
  49  3:55  Probe (Chrono Boost), Nexus  
  50  3:58  Probe (Chrono Boost)  
  50  4:00  Pylon  
  51  4:07  Probe (Chrono Boost)  
  52  4:16  Probe (Chrono Boost)  
  53  4:17  Probe (Chrono Boost)  
  53  4:18  Adept x3  
  60  4:26  Assimilator  
  60  4:28  Probe x2 (Chrono Boost), Pylon  
  60  4:29  Assimilator  
  62  4:42  Pylon  
  62  4:44  Pylon  
  62  4:47  Stalker x2  
  62  4:48  Probe (Chrono Boost)  
  67  4:54  Probe (Chrono Boost)  
  67  4:59  Stalker  
  67  5:02  Probe (Chrono Boost)  
  64  5:11  Stalker x2  
  59  5:19  Probe (Chrono Boost)  
  60  5:22  Oracle  
  60  5:25  Probe (Chrono Boost)  
  60  5:27  Probe (Chrono Boost), Zealot  
  63  5:31  Probe (Chrono Boost)  
  64  5:36  Zealot x2, Probe (Chrono Boost)  
  64  5:39  Probe (Chrono Boost), Gateway  
  64  5:40  Gateway  
  64  5:42  Probe (Chrono Boost)  
  69  5:47  Probe (Chrono Boost)  
  67  5:51  Probe (Chrono Boost)  
  67  5:53  Adept  
  67  5:54  Probe (Chrono Boost)  
  68  5:57  Probe (Chrono Boost)  
  68  5:59  Zealot x2  
  68  6:03  Probe (Chrono Boost)  
  74  6:09  Probe (Chrono Boost)  
  74  6:10  Oracle  
  68  6:13  Zealot  
  65  6:22  Probe x2 (Chrono Boost)  
  65  6:23  Probe (Chrono Boost)  
  68  6:29  Stalker  
  68  6:32  Probe (Chrono Boost)  
  71  6:33  Probe (Chrono Boost)  
  71  6:35  Twilight Council, Probe (Chrono Boost), Zealot  
  71  6:36  Forge  
  75  6:42  Sentry x2  
  75  6:43  Zealot, Probe (Chrono Boost)  
  75  6:44  Probe (Chrono Boost)  
  84  6:48  Probe (Chrono Boost)  
  84  6:53  Stalker  
Tags
 
Add a new tag
Caveats
  • Supply blocks, unpowered buildings, or Contaminate may cause inaccurate times.
  • Supply counts are checked every 10 seconds.